 Dungeon Crawl Stone Soup version 0.21-a0-531-gacddea6 (webtiles) character file.

67 AverageBear the Cutter (level 4, -2/27 HPs)
             Began as a Deep Elf Fighter on Dec 12, 2017.
             Killed from afar by an orc wizard (12 damage)
             ... with a puff of flame
             ... on level 3 of the Dungeon.
             The game lasted 00:01:18 (1432 turns).

AverageBear the Cutter (Deep Elf Fighter)           Turns: 1432, Time: 00:01:18

Health: -2/27      AC:  6    Str: 14    XL:     4   Next: 0%
Magic:  6/6        EV:  6    Int: 13    God:
Gold:   76         SH:  8    Dex: 14    Spells: 3/3 levels left

rFire    . . .     SeeInvis .   l - +2 dagger (flame)
rCold    + . .     Gourm    .   c - +0 shield
rNeg     . . .     Faith    .   b - +0 scale mail
rPois    .         Spirit   .   (no helmet)
rElec    .         Reflect  .   (no cloak)
rCorr    .         Harm     .   (no gloves)
MR       .....                  (no boots)
Stlth    ..........             (no amulet)
HPRegen  0.09/turn              j - ring of protection from cold
MPRegen  0.10/turn              (no ring)

@: no status effects
A: no striking features
a: no special abilities


You were on level 3 of the Dungeon.
You were not hungry.

You visited 1 branch of the dungeon, and saw 3 of its levels.

You collected 76 gold pieces.

Inventory:

Hand Weapons
 a - a +0 rapier
 l - a +2 dagger of flaming (weapon)
Armour
 b - a +0 scale mail (worn)
 c - a +0 shield (worn)
Jewellery
 j - a ring of protection from cold (left hand)
Scrolls
 e - a scroll of teleportation
 k - a scroll of amnesia
Potions
 d - a potion of might
 g - a potion of haste {unknown}
 i - a potion of invisibility
Comestibles
 f - 4 bread rations
 h - a royal jelly
 m - 2 chunks of flesh


   Skills:
 - Level 2.4 Fighting
 + Level 4.3 Short Blades
 - Level 2.4 Armour
 - Level 2.4 Shields


You had 3 spell levels left.
You didn't know any spells.

Dungeon Overview and Level Annotations

Branches:
Dungeon (3/15)

Altars:


Message History

You barely miss the leopard gecko.
The leopard gecko is severely wounded.
You hear some strange, mumbled words.
A puff of frost appears from out of thin air!
The puff of frost hits you! You resist.
The orc wizard gestures wildly while chanting.
The orc wizard blinks!
You block the leopard gecko's attack.
You hit the leopard gecko. You burn the leopard gecko.
You kill the leopard gecko!
You have reached level 4!
You feel clever.
You hear some strange, mumbled words.
A puff of flame appears from out of thin air!
The puff of flame hits you! Something hits you but does no damage.
The orc wizard gestures wildly while chanting.
The orc wizard blinks!
You hear some strange, mumbled words.
A puff of flame appears from out of thin air!
The puff of flame hits you!
You die...

#.....................
#########.##.#####.
####.##.# ....o##.#
#..##'#####
#.........#.
#.........<...#
#.)(.......####
#§@........#
#(#.#.####.# #(#...#
.# .......o$#..# #
.......§.#..#
.........#..#
.........#..#
.........# .#
..........


You could see an orc wizard and an orc.

Vanquished Creatures
  Natasha (D:2)
  An adder (D:2)
  A dart slug (D:1)
  2 leopard geckos
  An orc (D:3)
  4 bats
  4 giant cockroaches
  4 goblins (D:1)
  3 kobolds
  A quokka (D:2)
  4 frilled lizards
  2 rats
28 creatures vanquished.

Notes
Turn   | Place    | Note
-------+----------+-------------------------------------------
     0 | D:1      | AverageBear the Deep Elf Fighter began the quest for the Orb.
     0 | D:1      | Reached XP level 1. HP: 13/13 MP: 3/3
   256 | D:1      | Reached XP level 2. HP: 17/18 MP: 4/4
   417 | D:1      | Reached skill level 3 in Short Blades
  1096 | D:2      | Reached XP level 3. HP: 20/22 MP: 5/5
  1237 | D:2      | Noticed Natasha
  1244 | D:2      | Killed Natasha
  1244 | D:2      | Reached skill level 4 in Short Blades
  1431 | D:3      | Reached XP level 4. HP: 16/27 MP: 6/6
  1432 | D:3      | Killed from afar by an orc wizard

Vault maps used:
D:1:      minmay_arrival_four_circles
D:2:      first_bread, uniq_natasha

Skill      XL: |  1  2  3 |
---------------+----------+-----
Short Blades   | 3 4 |  4.3
Fighting       | |  2.4
Armour         | |  2.4
Shields        | |  2.4

Action                   |  1- 3 |  4- 6 || total
-------------------------+-------+-------++-------
Melee: Rapier            |    62 |       ||    62
       Dagger            |    47 |       ||    47
  Use: Scroll            |     3 |       ||     3
  Eat: Chunk             |     2 |       ||     2
Armor: Scale mail        |    45 |     1 ||    46
Dodge: Dodged            |    26 |       ||    26
Block: Shield            |    52 |       ||    52

Table legend:
 A = Spawn XP
 B = Non-spawn XP
 C = Spawn XP percentage of total XP
 D = Spawn monster count
 E = Non-spawn monster count
 F = Spawn count percentage of total count
 G = Total turns spent on level
                    A         B        C        D         E        F      G
               +---------+---------+-------+---------+---------+-------+---------
         Total |       0 |      97 |   0.0 |       0 |      28 |   0.0 |  1432
               +---------+---------+-------+---------+---------+-------+---------
           D:1 |       0 |      29 |   0.0 |       0 |      15 |   0.0 |   680
           D:2 |       0 |      59 |   0.0 |       0 |       9 |   0.0 |   682
           D:3 |       0 |       9 |   0.0 |       0 |       4 |   0.0 |    70
               +---------+---------+-------+---------+---------+-------+---------
